 Dungeon Crawl Stone Soup version 0.23-a0-164-g7711e57 (webtiles) character file.

8 Amnesiac the Gusty (level 2, 0/19 HPs)
             Began as a Mummy Air Elementalist on Sept 10, 2018.
             Slain by a kobold
             ... wielding a +2 whip of electrocution
              (12 damage)
             ... on level 2 of the Dungeon.
             The game lasted 00:02:17 (382 turns).

Amnesiac the Gusty (Mummy Air Elementalist)          Turns: 382, Time: 00:02:19

Health: 0/19       AC:  2    Str: 11    XL:     2   Next: 0%
Magic:  5/5        EV: 12    Int: 14    God:
Gold:   11         SH:  0    Dex: 12    Spells: 3/6 levels left

rFire    x . .     SeeInvis .   (no weapon)
rCold    + . .     Gourm    .   (no shield)
rNeg     + + +     Faith    .   a - +0 robe
rPois    ∞         Spirit   .   (no helmet)
rElec    .         Reflect  .   (no cloak)
rCorr    .         Harm     .   (no gloves)
MR       .....                  (no boots)
Stlth    ++........             (no amulet)
HPRegen  0.06/turn              (no ring)
MPRegen  0.09/turn              (no ring)

@: no status effects
A: no food or potions, fire vulnerability, cold resistance 1, negative energy
resistance 3, torment resistance, unbreathing
a: no special abilities


You were on level 2 of the Dungeon.
You were not hungry.

You visited 1 branch of the dungeon, and saw 2 of its levels.

You collected 11 gold pieces.

Inventory:

Armour
 a - a +0 robe (worn)
Scrolls
 b - a scroll of remove curse {!r, unknown}


   Skills:
 - Level 1.5 Dodging
 - Level 1.5 Stealth
 + Level 2.8 Spellcasting
 - Level 0.7 Conjurations
 * Level 2.8 Air Magic


You had 3 spell levels left.
You knew the following spells:

 Your Spells              Type           Power        Failure   Level  Hunger
a - Shock                 Conj/Air       #...         11%         1    N/A
z - Swiftness             Chrm/Air       #.......     19%         2    N/A

Your spell library contained the following spells:

 Spells                   Type           Power        Failure   Level  Hunger
 Static Discharge         Conj/Air       #.......     30%         3    N/A
 Airstrike                Air            ##........   54%         4    N/A
 Lightning Bolt           Conj/Air       #.........   96%         5    N/A

Dungeon Overview and Level Annotations

Branches:
Dungeon (2/15)

Altars:


Innate Abilities, Weirdness & Mutations

You do not eat or drink.
Your flesh is vulnerable to fire.
You are immune to poison.
Your flesh is cold resistant. (rC+)
You are immune to negative energy. (rN+++)
You are immune to unholy pain and torment.
You can survive without breathing.


Message History

Casting: Shock (safe; 11% risk of failure)
Confirm with . or Enter, or press ? or * to list all spells.
Aiming: Shock (safe; 11% risk of failure)
Press: ? - help, Shift-Dir - straight line, f - bat
Aim: a bat The zap hits the bat.
The bat is moderately wounded.
The zap hits the bat.
You kill the bat!
Unknown command.
You start resting.
The goblin is too close now for your liking.
You start resting.
HP restored.
Magic restored.
The goblin shouts!
The goblin is too close now for your liking.
A goblin is nearby!
Casting: Shock (safe; 11% risk of failure)
Confirm with . or Enter, or press ? or * to list all spells.
Aiming: Shock (safe; 11% risk of failure)
Press: ? - help, Shift-Dir - straight line, f - goblin
Aim: a goblin The zap hits the goblin.
The goblin is heavily wounded.
The zap hits the goblin.
The goblin is severely wounded.
The goblin hits you.
Casting: Shock (safe; 11% risk of failure)
Confirm with . or Enter, or press ? or * to list all spells.
Aiming: Shock (safe; 11% risk of failure)
Press: ? - help, Shift-Dir - straight line, f/p - goblin
Aim: a goblin (severely wounded)
The zap hits the goblin.
You kill the goblin!
You have reached level 2!
You start resting.
Magic restored.
You start resting.
HP restored.
Memorise Swiftness, consuming 2 spell levels and leaving 3?
You start memorising the spell.
You continue memorising. x2
You finish memorising.
Spell assigned to 'z'.
Found a stone staircase leading down.
A bat comes into view.
The bat moves out of view.
There is a stone staircase leading down here.
You climb downwards.
Found 11 gold pieces.
There is a stone staircase leading up here.
You now have 11 gold pieces.
You open the door.
There is an open door here.
A kobold comes into view. It is wielding a whip of electrocution.
The kobold throws a stone.
The stone hits you.
Found 7 gold pieces.
Found a stone staircase leading down.
You see here a stone.
A kobold is nearby!
The kobold throws a stone.
The stone hits you.
You see here a stone.
The kobold hits you with a whip of electrocution.
You are electrocuted!
Ouch! That really hurt!
You die...

#. #.# ##.##
##...# #....
#...
#######.####$#
........(@K..#
######(######
##'## ##...##
##.....##
##.......##
#.........#
+.........+
#......<..#


You could see a kobold.

Vanquished Creatures
  A giant cockroach (D:1)
  2 goblins (D:1)
  2 bats (D:1)
  A frilled lizard (D:1)
  2 kobolds (D:1)
8 creatures vanquished.

Notes
Turn   | Place    | Note
-------+----------+-------------------------------------------
     0 | D:1      | Amnesiac the Mummy Air Elementalist began the quest for the
                  | Orb.
     0 | D:1      | Reached XP level 1. HP: 13/13 MP: 4/4
   262 | D:1      | Reached XP level 2. HP: 13/19 MP: 2/5
   351 | D:1      | Learned a level 2 spell: Swiftness
   382 | D:2      | Slain by a kobold

Vault maps used:
D:1:      lemuel_arrival_room, serial_park_tiny_pond
D:2:      nicolae_dithmenos_through_a_glass_darkly

Action                   || total
-------------------------++-------
Melee: Unarmed           ||     2
 Cast: Shock             ||    14
Armor: Robe              ||     2
Dodge: Dodged            ||     6

Table legend:
 A = Non-vault XP
 B = Vault XP
 C = Vault XP percentage of total XP
 D = Non-vault monster count
 E = Vault monster count
 F = Vault count percentage of total count
                 A         B        C        D         E       F
            +---------+---------+-------+---------+---------+-------
      Total |      12 |       0 |   0.0 |       8 |       0 |   0.0
            +---------+---------+-------+---------+---------+-------
        D:1 |      12 |       0 |   0.0 |       8 |       0 |   0.0
            +---------+---------+-------+---------+---------+-------
